 Dungeon Crawl Stone Soup version 0.31.0-9-g3a7656b989 (webtiles) character file.

Game seed: 16605484031939723365

393 qw the Skirmisher (level 6, -2/35 HPs)
             Began as a Deep Elf Hunter on Feb 2, 2024.
             Incinerated by a bombardier beetle (4 damage)
             ... with a burning spray
             ... on level 4 of the Dungeon.
             The game lasted 00:00:11 (2027 turns).

qw the Skirmisher (Deep Elf Hunter)                 Turns: 2027, Time: 00:00:12

Health: -2/35      AC: 10    Str: 10    XL:     6   Next: 51%
Magic:  8/8        EV:  9    Int: 14    God:
Gold:   120        SH:  0    Dex: 18    Spells: 5/5 levels left

rFire   . . .        a - +0 shortbow
rCold   . . .        (shield currently unavailable)
rNeg    . . .        f - +0 scale mail {rPois}
rPois   +            (no helmet)
rElec   .            (no cloak)
rCorr   .            e - +1 Delatra's gloves {ID++}
SInv    .            j - +1 pair of boots
Will    +....        (no amulet)
Stlth   +            d - ring of willpower
HPRegen 0.25/turn    (no ring)
MPRegen 0.11/turn

%: no passive effects
@: on fire, glowing
A: no striking features
a: no special abilities


You were on level 4 of the Dungeon.
You visited 1 branch of the dungeon, and saw 4 of its levels.

You collected 120 gold pieces.


   Skills:
 + Level 1.7 Fighting
 - Level 9.9 Ranged Weapons
 - Level 1.4 Armour
 - Level 2.4 Dodging
 - Level 1.2 Stealth


You had 5 spell levels left.
You didn't know any spells.
Your spell library was empty.

Inventory:

Hand Weapons
 a - a +0 shortbow (weapon)
Armour
 e - the +1 Delatra's gloves (worn) {ID++}
   (You found it on level 2 of the Dungeon)

   ID++:      It heals its wearer when they drink unknown potions, and restores
   their MP when they read unknown scrolls.
 f - a +0 scale mail of poison resistance (worn)
 h - a +0 ring mail
 j - a +1 pair of boots (worn)
Jewellery
 d - a ring of willpower (left hand)
Potions
 i - a potion of ambrosia {unknown}
 l - a potion of enlightenment {unknown}

Dungeon Overview and Level Annotations

Branches:
Dungeon (4/15)
 Temple: D:4-7

Altars:
Elyvilon

Shops:
D:1 (


Message History

You climb downwards.
There is a stone staircase leading up here.
You shoot an arrow. The arrow hits the kobold.
You kill the kobold!
Found an escape hatch in the ceiling.
You now have 120 gold pieces (gained 6).
Found a stone staircase leading down.
A bombardier beetle comes into view.
Found a robe.
The bombardier beetle moves out of view.
You shoot an arrow. The arrow hits the bombardier beetle.
The bombardier beetle is lightly wounded.
You shoot an arrow. The arrow hits the bombardier beetle.
The bombardier beetle is heavily wounded.
The bombardier beetle sprays incendiary fluid at you.
The burning spray hits you.
You are covered in liquid fire!
You shoot an arrow. The arrow hits the bombardier beetle.
The bombardier beetle is heavily wounded.
The liquid fire burns you!
You shoot an arrow. The arrow hits the bombardier beetle!
The bombardier beetle is almost dead.
The liquid fire burns you!
You shoot an arrow. The arrow hits the bombardier beetle!
You kill the bombardier beetle!
The liquid fire burns you!
Your Armour skill increases to level 1!
You are on fire!
The liquid fire burns you!
You are on fire!
The liquid fire burns you!
You are on fire!
The liquid fire burns you!
You are on fire!
The liquid fire burns you!
You are on fire!
The liquid fire burns you!
You are on fire!
The liquid fire burns you!
You die...

#.. #..# #...### #.
#.....# #.# ##
#.######## #.# ..
#........#####.##
#[###.######.##.....
#.....######.##.##<#
#...@...>.......##.##
##...#######.#..##..#
..%.!## #.#.......
...#### #......... .#
####..#..# #..#..#
#..#... #..##.#
#..#...


There were no monsters in sight!

Vanquished Creatures
  Sigmund (D:3)
  A bombardier beetle (D:4)
  A hound (D:3)
  An orc wizard (D:2)
  4 gnolls (D:2)
  6 adders
  2 dart slugs (D:3)
  7 orcs
  3 endoplasms
  2 giant cockroaches (D:3)
  3 goblins
  2 hobgoblins (D:1)
  6 kobolds
  A quokka (D:2)
  7 ball pythons
  9 bats
  3 frilled lizards
  9 rats
68 creatures vanquished.

Notes
Turn   | Place    | Note
-------+----------+-------------------------------------------
     0 | D:1      | qw the Deep Elf Hunter began the quest for the Orb.
     0 | D:1      | Reached XP level 1. HP: 12/12 MP: 3/3
     0 | D:1      | 0 ||| qw: Version: 0.3-a-155-g5e7d8dd
     0 | D:1      | 0 ||| qw: Game counter: 1463
     0 | D:1      | 0 ||| qw: Melee chars always use a shield: true
     0 | D:1      | 0 ||| qw: God list: Okawaru
     0 | D:1      | 0 ||| qw: Allow faded altars: false
     0 | D:1      | 0 ||| qw: Do Orc after clearing Dungeon:15 true
     0 | D:1      | 0 ||| qw: Do second Lair branch before Depths: true
     0 | D:1      | 0 ||| qw: Lair rune preference: random
     0 | D:1      | 0 ||| qw: Goals: Normal
     0 | D:1      | 0 ||| PLANNING D:1-11
    78 | D:1      | Reached XP level 2. HP: 16/16 MP: 4/4
    89 | D:1      | Found Diyttiq's Antique Weapon Emporium.
   112 | D:1      | Reached skill level 6 in Ranged Weapons
   426 | D:1      | 426 ||| UPGRADING to +0 pair of boots.
   431 | D:1      | 431 ||| UPGRADING to +0 ring mail.
   441 | D:1      | 441 ||| DROPPING +0 leather armour.
   442 | D:1      | 442 ||| READING 3 scrolls labelled RASHIUDDOI.
   443 | D:1      | 443 ||| READING 2 scrolls labelled UCEHIO KYEPUSM.
   443 | D:1      | 443 ||| IDENTIFYING glowing emerald potion
   444 | D:1      | 444 ||| READING scroll of identify.
   444 | D:1      | 444 ||| IDENTIFYING 2 red potions
   445 | D:1      | 445 ||| READING scroll labelled PIVOZY NYDEM.
   449 | D:1      | 449 ||| DROPPING scroll of butterflies.
   450 | D:1      | 450 ||| DROPPING 2 scrolls of amnesia.
   451 | D:1      | 451 ||| DROPPING potion of magic.
   603 | D:2      | Reached XP level 3. HP: 20/20 MP: 5/5
   811 | D:2      | Reached skill level 7 in Ranged Weapons
  1016 | D:2      | Reached XP level 4. HP: 12/25 MP: 6/6
  1018 | D:2      | HP: 6/25 [gnoll/+0 spear (5)]
  1019 | D:2      | 1019 ||| DRINKING 2 potions of heal wounds.
  1025 | D:2      | HP: 3/25 [gnoll/+0 spear (7)]
  1026 | D:2      | 1026 ||| DRINKING potion of heal wounds.
  1186 | D:2      | 1186 ||| FLEEEEING.
  1187 | D:2      | 1187 ||| FLEEEEING.
  1188 | D:2      | 1188 ||| FLEEEEING.
  1189 | D:2      | 1189 ||| FLEEEEING.
  1199 | D:2      | Reached skill level 8 in Ranged Weapons
  1216 | D:2      | Found the +1 Delatra's gloves {ID++}
  1248 | D:2      | 1248 ||| UPGRADING to +1 Delatra's gloves {ID++}.
  1253 | D:2      | 1253 ||| UPGRADING to +1 pair of boots.
  1263 | D:2      | 1263 ||| DROPPING +0 pair of boots.
  1264 | D:2      | 1264 ||| DROPPING ring of magical power.
  1265 | D:2      | 1265 ||| READING scroll of identify.
  1265 | D:2      | 1265 ||| IDENTIFYING fizzy ruby potion
  1266 | D:2      | 1266 ||| READING scroll labelled IFOCIUXOZO.
  1267 | D:2      | 1267 ||| READING scroll labelled TAVACOI LOHA.
  1268 | D:2      | 1268 ||| READING scroll labelled METEYVASCHA.
  1269 | D:2      | 1269 ||| DROPPING potion of brilliance.
  1320 | D:3      | Reached XP level 5. HP: 29/29 MP: 7/7
  1522 | D:3      | Found a white marble altar of Elyvilon.
  1590 | D:3      | Found a faded altar of an unknown god.
  1590 | D:3      | Noticed Sigmund
  1594 | D:3      | Killed Sigmund
  1595 | D:3      | Reached skill level 9 in Ranged Weapons
  1595 | D:3      | Reached XP level 6. HP: 34/34 MP: 8/8
  1753 | D:3      | 1753 ||| UPGRADING to +0 scale mail of poison resistance.
  1763 | D:3      | 1763 ||| UPGRADING to ring of willpower.
  1764 | D:3      | 1764 ||| READING scroll labelled VERHYNAHUH.
  1865 | D:3      | 1865 ||| READING scroll labelled KIYFYU BYEDEVO.
  1882 | D:4      | 1882 ||| STAIRDANCE
  2022 | D:4      | Reached skill level 1 in Armour
  2024 | D:4      | HP: 7/35 [burnt (4)]
  2026 | D:4      | HP: 2/35 [burnt (4)]
  2027 | D:4      | Incinerated by a bombardier beetle

Levels and vault maps discovered:
D:1:      ldierk_walled_garden_2, layout_rooms, serial_shops, shop,
          patterned_corridor
D:2:      layout_loops_ring, pf_guarded_unrand_delatra
D:3:      layout_rooms, mainiacjoe_overflow_tiny_flanked,
          ebering_ecumenical_altar_abandoned, interstate_on_off, uniq_sigmund
D:4:      layout_loops_ring, kennysheep_mini

Skill      XL: |  1  2  3  4  5  6 |
---------------+-------------------+-----
Ranged Weapons | 6 7 8 9 |  9.9
Armour         | 1 |  1.4
Fighting       | |  1.7
Dodging        | |  2.4
Stealth        | |  1.2

Action                     |  1- 3 |  4- 6 || total
---------------------------+-------+-------++-------
   Fire: Shortbow          |    98 |   103 ||   201
    Use: Scroll            |     4 |     6 ||    10
         Potion            |       |     2 ||     2
 Armour: Leather armour    |     6 |       ||     6
         Ring mail         |    20 |    23 ||    43
         Scale mail        |       |    16 ||    16
  Dodge: Dodged            |    29 |    18 ||    47

Table legend:
 A = Non-vault XP
 B = Vault XP
 C = Vault XP percentage of total XP
 D = Non-vault monster count
 E = Vault monster count
 F = Vault count percentage of total count
                 A         B        C        D         E       F
            +---------+---------+-------+---------+---------+-------
      Total |     301 |     261 |  46.4 |      62 |       6 |   8.8
            +---------+---------+-------+---------+---------+-------
        D:1 |      23 |       0 |   0.0 |      16 |       0 |   0.0
        D:2 |     116 |      47 |  28.8 |      22 |       5 |  18.5
        D:3 |     113 |     214 |  65.4 |      22 |       1 |   4.3
        D:4 |      49 |       0 |   0.0 |       2 |       0 |   0.0
            +---------+---------+-------+---------+---------+-------
